[Event "*** Titled Tuesday Blitz"]
[Site "Chess.com"]
[Date "2021.04.06"]
[Round "4"]
[White "anasta10"]
[Black "QuintilianoR"]
[Result "1/2-1/2"]
[WhiteElo "2524"]
[BlackElo "2703"]
[TimeControl "180+1"]
[EndTime "10:40:56 PDT"]
[Termination "Game drawn by repetition"]

1. d4 Nf6 2. c4 e6 3. Nc3 Bb4 4. Nf3 b6 5. g3 Bxc3+ 6. bxc3 Bb7 7. Bg2 O-O 8. O-O d6 9. Re1 Nbd7 10. a4 a5 11. Ba3 Re8 12. c5 dxc5 13. dxc5 Nxc5 14. Bxc5 bxc5 15. Qb3 Bd5 16. c4 Bc6 17.
Qe3 Qe7 18. Ne5 Bxg2 19. Kxg2 Ra6 20. Rab1 Nd7 21. Nxd7 Qxd7 22. Rb5 Rd6 23. Qxc5 Rc6 24.
Rd1 Rxc5 25. Rxd7 Rxc4 26. Rxa5 g5 27. Rxg5+ Kf8 28. a5 Rb8 29. a6 Ra8 30. Ra5 Ra7 31.
Rd8+ Kg7 32. Rd3 h6 33. Kf3 Rc6 34. Rda3 Kg6 35. Kf4 f6 36. e4 Rc2 37. Kf3 Rc6 38. Ke3 Kf7 39. Kd4 Kg7 40. h4 Kg6 41. h5+ Kf7 42. Rc5 Rb6 43. Rac3 Rbxa6 44. Rxc7+ Rxc7 45. Rxc7+ Kg8 46. Re7 Rc6 47. Ke3 Ra6 48. Kf4 Rb6 49. Kg4 Ra6 50. f4 Rb6 51. f5 e5 52. Re6 Rb4 53. Kf3 Kg7 54. Re7+ Kg8 55. Rd7 Rb3+ 56. Kg4 Rb4 57. Rd6 Kg7 58. Rd7+ Kg8 59.
Kf3 Rb3+ 60. Kg4 Rb4 1/2-1/2

[Event "*** Titled Tuesday Blitz"]
[Site "Chess.com"]
[Date "2021.04.06"]
[Round "4"]
[White "Giorno"]
[Black "Rodalquilar"]
[Result "0-1"]
[WhiteElo "2485"]
[BlackElo "2676"]
[TimeControl "180+1"]
[EndTime "10:40:56 PDT"]
[Termination "Rodalquilar won by checkmate"]

1. d4 d5 2. Nc3 Nf6 3. Bf4 a6 4. Qd2 e6 5. f3 c5 6. e3 Nc6 7. Nge2 Bd6 8. Bxd6 Qxd6 9. dxc5 Qxc5 10. O-O-O Bd7 11. Kb1 O-O-O 12. Nd4 Kb8 13. Be2 Rc8 14. Rhe1 Rhd8 15. Bf1 Qb6 16. Na4 Qc7 17. Nc5 Ka7 18.
Nxd7 Nxd7 19. Nxc6+ bxc6 20. Qd4+ Qb6 21. Qxg7 f6 22.
Rd3 Rc7 23. Rb3 Qa5 24. Rd1 Nc5 25. Qxf6 Rdd7 26. Ra3 Qb6 27. Qd4 Rb7 28. b3 a5 29.
Qc3 a4 30. Rd4 Kb8 31. b4 e5 32. Rg4 e4 33. Rg8+ Kc7 34. Qe5+ Rd6 35. Rg7+ Nd7 36. Rxa4 Qxe3 37. Ba6 Rxb4+ 38. Rxb4 Qe1+ 39. Kb2 Qxb4+ 40. Kc1 Qe1+ 41. Kb2 e3 42. Bd3 Qb4+ 43. Ka1 Qe1+ 44. Kb2 c5 45. Rxd7+ Kxd7 46. Bf5+ Kc6 47. Qe8+ Kb6 48.
Qb8+ Kc6 49. Qc8+ Kb5 50. Qb7+ Rb6 51. Bd3+ Ka5+ 52. Qxb6+ Kxb6 53. Kb3 Qd2 54. Bc4 e2 55. c3 dxc4+ 56. Kxc4 e1=Q 57. Kb3 Qxc3+ 58. Ka4 Qb4# 0-1

[Event "*** Titled Tuesday Blitz"]
[Site "Chess.com"]
[Date "2021.04.06"]
[Round "4"]
[White "tjychess"]
[Black "karinachess1"]
[Result "1-0"]
[WhiteElo "2630"]
[BlackElo "2485"]
[TimeControl "180+1"]
[EndTime "10:40:56 PDT"]
[Termination "tjychess won by resignation"]

1. d4 d5 2. c4 e6 3. Nf3 Nf6 4. Nc3 Be7 5. Bf4 O-O 6. e3 b6 7. cxd5 Nxd5 8. Nxd5 Qxd5 9. a3 c5 10. Rc1 Ba6 11. Bxa6 Nxa6 12. O-O Rfd8 13. Qe2 Qb7 14.
Rfd1 Rac8 15. h3 Nb8 16. dxc5 Bxc5 17. b4 Rxd1+ 18. Qxd1 Bf8 19. Ne5 Rxc1 20. Qxc1 Nd7 21. Qc6 Qxc6 22. Nxc6 a6 23. Kf1 f6 24. Bc7 Kf7 25.
Ke2 e5 26. Kd3 Ke6 27. g4 Bd6 28. Nd8+ Ke7 29. Bxd6+ Kxd6 30. Ke4 g6 31. f4 exf4 32.
exf4 Nf8 33. f5 Kd7 34. Nf7 Ke7 35. Nh6 Kd6 36. Ng8 Nd7 37. h4 g5 38. hxg5 fxg5 39. Nh6 Ne5 40. f6 Ng6 41. Kf5 a5 42. Nf7+ Kd7 43.
Nxg5 Nf8 44. Ne4 axb4 45. axb4 Kc6 46. g5 Kb5 47. f7 Kxb4 48. Kf6 b5 49. Kg7 Ne6+ 50.
Kxh7 Kc4 51. g6 b4 52. g7 Nxg7 53. Kxg7 Kd3 54. Nc5+ Kc4 55. f8=Q b3 56. Nxb3 Kxb3 57.
Qc5 Ka2 58. Kf6 Ka1 59. Ke5 Ka2 60. Kd4 1-0

[Event "*** Titled Tuesday Blitz"]
[Site "Chess.com"]
[Date "2021.04.06"]
[Round "4"]
[White "beautroll"]
[Black "Iskusnyh"]
[Result "1-0"]
[WhiteElo "2472"]
[BlackElo "2629"]
[TimeControl "180+1"]
[EndTime "10:40:56 PDT"]
[Termination "beautroll won on time"]

1. e4 e6 2. d4 d5 3. Nc3 Nf6 4. e5 Nfd7 5. f4 c5 6. Nf3 Nc6 7. Be3 Rb8 8. Qd2 Qa5 9. a3 b5 10. dxc5 b4 11. Ne2 Nxc5 12. a4 Ne4 13. Qd1 b3+ 14. c3 Ba6 15. Ned4 Nxd4 16. Nxd4 Bc5 17. Bxa6 Qxa6 18. Nb5 Qb6 19. Bxc5 Qxc5 20. Qd4 Qxd4 21. Nxd4 Kd7 22. a5 Rhc8 23. Ke2 f6 24. g4 fxe5 25.
fxe5 Ke7 26. Rhf1 Rc7 27. Ra3 Nc5 28. h4 Rf8 29. Rxf8 Kxf8 30. Nxb3 Nd7 31. Nd4 Ke7 32.
Nb5 Rb7 33. Rb3 Nc5 34. Rb4 Na6 35. Rb3 Nc7 36. Nd4 Rxb3 37. Nxb3 Nb5 38. Ke3 Nc7 39. Nd4 Na6 40. Nc6+ Kd7 41. Nxa7 Nc5 42. b4 Ne4 43. c4 Nc3 44. Kd4 Ne2+ 45. Ke3 Nc3 46. Kd3 Na2 47. b5 Nb4+ 48. Kc3 Na2+ 49. Kd4 dxc4 50. Kxc4 Nc1 51. b6 Ne2 52. Nb5 Kc6 53.
Nd4+ Nxd4 54. Kxd4 1-0

[Event "*** Titled Tuesday Blitz"]
[Site "Chess.com"]
[Date "2021.04.06"]
[Round "4"]
[White "UKR_Master"]
[Black "Nils_03"]
[Result "0-1"]
[WhiteElo "2511"]
[BlackElo "2381"]
[TimeControl "180+1"]
[EndTime "10:40:56 PDT"]
[Termination "Nils_03 won by resignation"]

1. e4 c5 2. Nf3 Nc6 3. Bb5 g6 4. Bxc6 bxc6 5. d4 cxd4 6. Qxd4 Nf6 7. e5 Nd5 8. O-O Bg7 9. Qh4 Nc7 10. Bh6 Bxh6 11.
Qxh6 Ne6 12. Nc3 Ba6 13. Rfe1 Qb6 14. b3 O-O-O 15. Qh4 Rde8 16. Rad1 h6 17. Qe4 Bb7 18. Qc4 g5 19. Nd4 Ba6 20. Qa4 h5 21. Ne4 Bb7 22. Nxe6 fxe6 23. b4 g4 24. Nc5 Rd8 25. Rd4 Rhf8 26.
Red1 Kb8 27. Rxd7 Bc8 28. Rxd8 Rxd8 29. c3 Qc7 30. Re1 Rd5 31. g3 Rxe5 32. Rxe5 Qxe5 33. Qxc6 Qd5 34. Qxd5 exd5 35. Kf1 Kc7 36. Ke2 Bf5 37. Ke3 Kd6 38. Nd3 e5 39. Nc5 Bc2 40. a4 Bd1 41. a5 Bc2 42. f3 gxf3 43. Kxf3 Bf5 44.
Ke3 Bc8 45. Nd3 Bf5 46. Nc5 Bc8 47. Nb3 Bf5 48. Nd2 Be6 49. Nf3 Bg4 50. Ng5 Bf5 51. Nf3 Bg4 52. Ng1 Bf5 53. Ne2 Bg4 54. Nc1 Bd1 55. Nb3 Bxb3 56. h3 Bc4 57. g4 hxg4 58.
hxg4 Ke6 59. Kf3 Kf6 60. Kg3 Kg5 0-1

[Event "*** Titled Tuesday Blitz"]
[Site "Chess.com"]
[Date "2021.04.06"]
[Round "4"]
[White "Airquake"]
[Black "jens1102"]
[Result "1-0"]
[WhiteElo "2669"]
[BlackElo "2500"]
[TimeControl "180+1"]
[EndTime "10:40:58 PDT"]
[Termination "Airquake won by checkmate"]

1. e4 c5 2. Nf3 d6 3. g3 Nf6 4.
Nc3 Nc6 5. Bg2 e5 6. O-O Be7 7. b3 Be6 8. Bb2 h6 9. d3 Qd7 10. Ne2 Bh3 11. c3 O-O 12. Qb1 Nh5 13. d4 cxd4 14.
cxd4 Bxg2 15. Kxg2 exd4 16. Nexd4 Nxd4 17. Nxd4 Bf6 18. Rd1 Rfe8 19. Nf5 Bxb2 20. Qxb2 Rxe4 21.
Nxd6 Re6 22. Nf5 Qc6+ 23. Kg1 Qe4 24. Ne3 Qf3 25. Rd3 Rae8 26. Rad1 Kh7 27. Qc2 g6 28. Qc3 R8e7 29. Qd4 Re4 30. Qxa7 Ng7 31. Nf1 Qe2 32. R1d2 Qe1 33. Qc5 Re2 34. Rd1 Ne6 35.
Qb6 Ng5 36. Rxe1 Rxe1 37. Kg2 Rb1 38. h4 Ne4 39. Re3 f5 40. Nd2 Rb2 41. Nxe4 fxe4 42. Qd6 Rf7 43. Rxe4 Rfxf2+ 44. Kg1 Rg2+ 45. Kf1 Rgf2+ 46. Ke1 Rf7 47. Re7 Rf2 48. Rxf7+ Rxf7 49. Qe6 Kg7 50. g4 Rf6 51. Qe5 Kf7 52. g5 Re6 53. Qxe6+ Kxe6 54. gxh6 Kf7 55. a4 Kg8 56. b4 Kh7 57. a5 Kxh6 58. b5 Kh5 59. a6 bxa6 60.
bxa6 Kxh4 61. a7 Kh3 62. Kf1 g5 63. a8=Q g4 64. Qg2+ Kh4 65. Kf2 Kg5 66. Ke3 Kf5 67. Qg3 Kg5 68. Ke4 Kh5 69. Kf5 Kh6 70. Qxg4 Kh7 71. Kf6 Kh8 72. Qg7# 1-0

[Event "*** Titled Tuesday Blitz"]
[Site "Chess.com"]
[Date "2021.04.06"]
[Round "4"]
[White "Fraler15"]
[Black "morte-negra"]
[Result "0-1"]
[WhiteElo "2218"]
[BlackElo "1950"]
[TimeControl "180+1"]
[EndTime "10:40:58 PDT"]
[Termination "morte-negra won by checkmate"]

1. e4 c5 2. Nf3 d6 3. d4 cxd4 4. Nxd4 Nf6 5. Nc3 a6 6. Bc4 e6 7.
Bb3 Qc7 8. Be3 Nc6 9. f3 Be7 10.
a3 Bd7 11. Qd2 Nxd4 12. Bxd4 Bc6 13. O-O-O O-O 14. Kb1 b5 15. g4 Rab8 16. h4 Rfc8 17. h5 a5 18. g5 Ne8 19. g6 b4 20. h6 bxc3 21. gxh7+ Kh8 22. hxg7+ Nxg7 23. Qh6 Bf8 24. Rdg1 e5 25. Bxc3 a4 26. Ba2 Bxe4 27. Ka1 Bxc2 28. Rh2 Bg6 29. Rxg6 fxg6 30. Qxg6 Rb3 31. f4 Rxc3 32.
bxc3 Qxc3+ 33. Rb2 Rb8 34. Qg2 Rxb2 35. Qxb2 Qxb2+ 36. Kxb2 exf4 37. Bg8 Nf5 38. Kc3 f3 39. Kd3 Bh6 40.
Be6 Ng3 41. Bd5 f2 42. Bg2 Kxh7 43. Kc4 Kg7 44. Kb4 f1=Q 45. Bxf1 Nxf1 46. Kxa4 Kf6 47. Kb4 Be3 48. a4 Ke5 49. Kc4 d5+ 50. Kd3 Ba7 51.
a5 Ng3 52. a6 d4 53. Kc2 Ke4 54. Kd2 d3 55. Kc3 Ke3 56. Kc4 d2 57. Kb5 d1=Q 58. Kc6 Qd4 59. Kb7 Qb6+ 60. Ka8 Qb5 61. Kxa7 Kd4 62. Ka8 Kc5 63. a7 Qe8+ 64. Kb7 Qd7+ 65. Ka8 Qc8# 0-1

[Event "*** Titled Tuesday Blitz"]
[Site "Chess.com"]
[Date "2021.04.06"]
[Round "4"]
[White "kamilianin235"]
[Black "ShahMatKanal"]
[Result "0-1"]
[WhiteElo "2243"]
[BlackElo "2448"]
[TimeControl "180+1"]
[EndTime "10:40:59 PDT"]
[Termination "ShahMatKanal won by checkmate"]

1. e4 d6 2. d4 g6 3. Nc3 a6 4. a4 a5 5. Be3 Bg7 6. f3 Na6 7. Qd2 e6 8. Nge2 Nb4 9. g4 Bh6 10. Bxh6 Qh4+ 11. Ng3 Qxh6 12. Qxh6 Nxh6 13. Kd2 f6 14. h4 Nf7 15. h5 g5 16. Bc4 h6 17.
Nb5 Kd8 18. Rhf1 c6 19. Na3 d5 20. exd5 exd5 21. Be2 Nd6 22. c3 Na6 23. Bd3 b6 24. Nc2 Ra7 25. Ne3 Nc7 26. Nef5 Nxf5 27. Nxf5 Ne8 28.
Rae1 Ng7 29. Nxg7 Rxg7 30. Bg6 Bd7 31. Rf2 Re7 32. Rfe2 Rxe2+ 33. Rxe2 Rf8 34. Ke3 f5 35. gxf5 Bxf5 36. Bxf5 Rxf5 37. Rg2 Kd7 38. Rg4 Ke6 39. Kf2 Rf4 40. Kg3 Kf5 41. Rxf4+ gxf4+ 42. Kh4 c5 43. b3 c4 44. bxc4 dxc4 45. d5 Ke5 46. Kg4 Kxd5 47.
Kf5 b5 48. axb5 a4 49. Kg6 a3 50. Kxh6 a2 51. Kg7 a1=Q 52. h6 Qxc3+ 53. Kg8 Qxf3 54.
h7 Qg4+ 55. Kf7 Qd7+ 56. Kg8 Qe8+ 57. Kg7 f3 58. b6 f2 59. b7 f1=Q 60. h8=Q Qff7+ 61. Kh6 Qg6# 0-1

[Event "*** Titled Tuesday Blitz"]
[Site "Chess.com"]
[Date "2021.04.06"]
[Round "4"]
[White "Bodnar_Mykola"]
[Black "Chessmasterzt"]
[Result "1-0"]
[WhiteElo "2499"]
[BlackElo "2606"]
[TimeControl "180+1"]
[EndTime "10:41:00 PDT"]
[Termination "Bodnar_Mykola won on time"]

1. d4 Nf6 2. c4 c5 3. d5 e5 4. Nc3 d6 5. e4 Nbd7 6. Be2 Be7 7.
Be3 O-O 8. Nf3 a6 9. Nd2 Ne8 10. Nf3 g6 11. g4 Ng7 12. Rg1 Kh8 13. Qd2 Rb8 14. a4 Nf6 15. Ng5 b6 16. h4 h5 17.
f3 Bd7 18. Kd1 Qc8 19. gxh5 Nfxh5 20. Kc2 Bf6 21. Bd3 Qe8 22. b3 Nf4 23. Bf1 Ngh5 24.
Ne2 Qe7 25. Rb1 Bg7 26. Nxf4 exf4 27. Bxf4 Nxf4 28. Qxf4 f5 29. Bh3 Qf6 30. Qe3 f4 31.
Qd3 Bxh3 32. Nxh3 Qxh4 33. Ng5 Qf2+ 34. Qd2 Qxd2+ 35. Kxd2 Kg8 36. Ne6 Rf6 37. Rg4 b5 38. axb5 axb5 39. Rbg1 bxc4 40. bxc4 Rb2+ 41. Kc1 Rf2 42.
Rxg6 Rxg6 43. Rxg6 Rxf3 44. Rxg7+ Kh8 45. Rg4 Rc3+ 46.
Kd2 Rxc4 47. Rxf4 Kg8 48. Kd3 Ra4 49. Rf8+ Kh7 50. Rd8 Ra6 51. Ke3 Kg6 52. Kf4 Kf6 53. Rd7 c4 54. Rc7 Ra4 55. Rc6 c3 56. Rxc3 Ra1 57. Ke3 Ke5 58. Nf4 1-0

[Event "*** Titled Tuesday Blitz"]
[Site "Chess.com"]
[Date "2021.04.06"]
[Round "4"]
[White "Tekushka"]
[Black "ajedrez1101"]
[Result "1-0"]
[WhiteElo "2403"]
[BlackElo "2122"]
[TimeControl "180+1"]
[EndTime "10:41:00 PDT"]
[Termination "Tekushka won by resignation"]

1. e4 d5 2. exd5 Qxd5 3. Nf3 Nf6 4. d4 Bg4 5. Be2 Nc6 6. c4 Qh5 7. Nbd2 e6 8. h3 O-O-O 9. O-O Bxh3 10. gxh3 Qxh3 11.
Re1 Ng4 12. Bf1 Qh5 13. Bg2 Nxd4 14. Nxd4 Rxd4 15. Qf3 c6 16. Nf1 Bc5 17. Be3 Rhd8 18. Bxd4 Bxd4 19. Ne3 Bxe3 20. Rxe3 Qh2+ 21. Kf1 Ne5 22. Qh3 Qf4 23. Rae1 Qxc4+ 24. Kg1 Ng4 25. R3e2 Nf6 26. Qb3 Qxb3 27. axb3 Rd4 28. Re3 g6 29. Bf1 Nd5 30. Rf3 f5 31. Rxe6 Rg4+ 32. Kh1 Rh4+ 33. Rh3 Rxh3+ 34. Bxh3 Nf4 35. Re3 Kd7 36. Bf1 h6 37. Kg1 b6 38. f3 c5 39. Kf2 Nd5 40. Rd3 Kc6 41. Rd1 a6 42. Bxa6 Nb4 43. Bc4 b5 44.
Bf7 Nc2 45. Bxg6 Nd4 46. Ke3 Kd6 47. Bxf5 Ke5 48. Be4 Ne6 49. Rd5+ Kf6 50. f4 Nc7 51. Rd6+ Ke7 52. Rc6 Ne6 53. Rb6 b4 54. f5 Nd4 55.
Kf4 Kf7 56. Ke5 Nxf5 57. Bxf5 Ke7 58. Rb7+ 1-0

[Event "*** Titled Tuesday Blitz"]
[Site "Chess.com"]
[Date "2021.04.06"]
[Round "4"]
[White "horripile"]
[Black "Oglob71"]
[Result "1-0"]
[WhiteElo "2597"]
[BlackElo "2385"]
[TimeControl "180+1"]
[EndTime "10:41:01 PDT"]
[Termination "horripile won on time"]

1. e4 c5 2. Nf3 e6 3. g3 Nc6 4. Bg2 Nf6 5. Nc3 a6 6. O-O b5 7. e5 Ng4 8. h3 Nh6 9. d4 cxd4 10.
Nxd4 Bb7 11. Ne4 Nxe5 12. Bg5 f6 13. Bxh6 gxh6 14. Qh5+ Ng6 15. Rfe1 Kf7 16. Rad1 Qc7 17. Nf5 d5 18. Nxf6 Kxf6 19. Nd4 Bc8 20. Nxe6 Bxe6 21. Rxe6+ Kxe6 22. Bxd5+ Kf6 23. Qf3+ Kg7 24. Bxa8 Be7 25. Qb7 Qxb7 26. Bxb7 a5 27. Ba6 Rb8 28. Rd5 b4 29. Rxa5 Rb6 30. Bd3 Bf6 31. b3 Bd4 32. Kg2 Rf6 33. f4 h5 34. Rxh5 Rf7 35. Rg5 Kf6 36. Rf5+ Kg7 37. Rxf7+ Kxf7 38. Be4 Kg7 39. Kf3 Nf8 40. Bf5 Ng6 41. g4 Bc3 42. Ke4 h6 43. Bxg6 Kxg6 44. h4 Be1 45. h5+ Kf6 46. Kd3 Bg3 47.
Ke4 Bf2 48. c3 bxc3 49. Kd3 Bd4 50. a4 Ke6 51. b4 Kd5 52. g5 Ke6 53. b5 Kf5 54.
gxh6 Kxf4 55. h7 Bg7 56. b6 Ke5 57. b7 Kd6 58. b8=Q+ Kc6 59. Qb5+ 1-0

[Event "*** Titled Tuesday Blitz"]
[Site "Chess.com"]
[Date "2021.04.06"]
[Round "4"]
[White "VD_coach"]
[Black "ARMQUEEN"]
[Result "1-0"]
[WhiteElo "2509"]
[BlackElo "2307"]
[TimeControl "180+1"]
[EndTime "10:41:01 PDT"]
[Termination "VD_coach won by resignation"]

1. Nf3 c5 2. g3 g6 3. Bg2 Bg7 4. O-O Nc6 5. c3 d5 6. d4 c4 7. b3 cxb3 8. axb3 Nf6 9. c4 O-O 10.
Nc3 Be6 11. Ng5 h6 12. Nxe6 fxe6 13. e3 Qd7 14. Ba3 Rac8 15. Qe2 Rfd8 16. Rfd1 Kh7 17. Bh3 Rf8 18. cxd5 Nxd5 19. Ne4 b6 20. Rac1 Na5 21. Qa2 Rc6 22. b4 Nb7 23. Rxc6 Qxc6 24. Rc1 Qd7 25. Nc3 Rc8 26. Nxd5 Rxc1+ 27. Bxc1 Qxd5 28. Bxe6 Qf3 29. Qc2 Nd6 30. Bd2 Ne4 31. Be1 Ng5 32. Bc4 Nh3+ 33. Kf1 Qh1+ 34. Ke2 Ng1+ 35. Kd1 Qxh2 36. Qe4 Qh5+ 37.
g4 Qg5 38. Bd3 Qf6 39. f4 Nh3 40. Bh4 Qd6 41. Bxe7 Nf2+ 42. Ke2 Nxe4 43. Bxd6 Nxd6 44. b5 a5 45. bxa6 Nc8 46. Kf3 Na7 47. Ke4 Bf8 48.
Kd5 Kg7 49. Ke6 h5 50. gxh5 gxh5 51. d5 b5 52. d6 Bxd6 53. Kxd6 b4 54. Kc5 b3 55. Kb6 h4 56. Kxa7 h3 57. Kb8 h2 58.
a7 b2 59. a8=Q b1=Q+ 60. Bxb1 h1=Q 61. Qxh1 Kf6 62. Qe4 Kf7 63. Qg6+ 1-0

[Event "*** Titled Tuesday Blitz"]
[Site "Chess.com"]
[Date "2021.04.06"]
[Round "4"]
[White "Alexander_Zubov"]
[Black "krzyzan94"]
[Result "1-0"]
[WhiteElo "2984"]
[BlackElo "2687"]
[TimeControl "180+1"]
[EndTime "10:41:02 PDT"]
[Termination "Alexander_Zubov won on time"]

1. e4 e5 2. Nf3 Nc6 3. Bb5 a6 4. Ba4 d6 5. c3 g6 6. d4 Bd7 7. d5 Nb8 8. Bxd7+ Nxd7 9. c4 h6 10. Nc3 f5 11. g3 Bg7 12. exf5 Ne7 13. fxg6 Nxg6 14. Qd3 Qf6 15. Ne4 Qf7 16. O-O O-O 17. Kg2 Rae8 18. Bd2 Kh8 19. Rae1 Qf5 20. h3 b5 21. b3 bxc4 22. bxc4 Rb8 23. Ba5 Rb7 24. Re3 Qf7 25. Rc1 Rg8 26. Kh2 Bf8 27. Bc3 Qf5 28. Qe2 Bg7 29. Re1 Rf8 30. c5 Nxc5 31. Nxc5 dxc5 32. Qxa6 Rb6 33. Qc4 e4 34. Bxg7+ Kxg7 35.
Qc3+ Kh7 36. Nd2 Qxf2+ 37. Kh1 Rbf6 38. Nxe4 Qf5 39. Nxf6+ Rxf6 40. Qd3 Qxh3+ 41. Kg1 Rf7 42. Re6 Qg4 43. R1e4 Qg5 44. Kg2 Kg7 45. Qc3+ Kh7 46. Qe3 Qxd5 47. Kh2 Qxa2+ 48. Kh3 Qd5 49. Re8 Qh5+ 50. Kg2 Qd5 51. Qe2 c4 52. Qxc4 Qd2+ 53. Re2 Qd7 54. Qe4 Rg7 55. Re6 Qf7 56. Rf2 Qg8 57.
Rff6 h5 58. Qf5 Kh6 59. Kh3 c5 60. Re5 1-0

[Event "*** Titled Tuesday Blitz"]
[Site "Chess.com"]
[Date "2021.04.06"]
[Round "4"]
[White "MarcoRiehle"]
[Black "Natalya_Buksa"]
[Result "1-0"]
[WhiteElo "2680"]
[BlackElo "2510"]
[TimeControl "180+1"]
[EndTime "10:41:02 PDT"]
[Termination "MarcoRiehle won by resignation"]

1. e4 c5 2. a3 Nc6 3. b4 cxb4 4. axb4 e5 5. b5 Nd4 6. c3 Ne6 7. d4 exd4 8. cxd4 Bb4+ 9. Bd2 Qe7 10. d5 Nd4 11. Bd3 Nf6 12. Ne2 Nxe2 13. Qxe2 Bxd2+ 14. Nxd2 d6 15. O-O O-O 16. Nc4 Nd7 17. f4 Nc5 18. Bc2 Bf5 19. Rae1 Rfe8 20. e5 Bxc2 21. Qxc2 dxe5 22. fxe5 b6 23. Nd6 Rf8 24. Nf5 Qg5 25. Rf3 g6 26. Rg3 Qh5 27. Ne7+ Kg7 28. Qc3 Rad8 29. h3 Kh8 30. Rg4 Rde8 31. e6+ f6 32. d6 Kg7 33. Kh1 Rd8 34. d7 Nxd7 35. exd7 Rxd7 36. Nc6 Rdf7 37. Nd4 Kg8 38. Qc4 Qc5 39. Qxc5 bxc5 40. Ne6 Rb8 41. Rd1 Re7 42. Nxc5 Rxb5 43. Nd3 Kg7 44. Rd4 a5 45. Nf4 Ra7 46. Ra4 Rb4 47.
Rxb4 axb4 48. Rb1 Rb7 49. Rb3 f5 50. Nd5 g5 51. Rxb4 Rd7 52. Ne3 Kg6 53. Rb6+ Kg7 54.
Nxf5+ Kf7 55. Kh2 Rd5 56. Rb7+ Kg6 57. Ng3 h6 58. Rb6+ Kf7 59. Ne4 Rd4 60. Ng3 Kg7 61.
Nf5+ 1-0

[Event "*** Titled Tuesday Blitz"]
[Site "Chess.com"]
[Date "2021.04.06"]
[Round "4"]
[White "WisdomGame"]
[Black "Chessbard1972"]
[Result "0-1"]
[WhiteElo "2081"]
[BlackElo "2332"]
[TimeControl "180+1"]
[EndTime "10:41:02 PDT"]
[Termination "Chessbard1972 won by checkmate"]

1. Nf3 Nf6 2. g3 g6 3. Bg2 Bg7 4. O-O O-O 5. d4 d6 6. c4 Nc6 7.
Nc3 a6 8. d5 Na5 9. b3 c5 10.
Bd2 Rb8 11. Qe1 b5 12. Nxb5 Nxc4 13. bxc4 axb5 14. cxb5 Rxb5 15. a4 Rb8 16. e4 Ba6 17.
e5 Nxd5 18. exd6 exd6 19. Ba5 Qd7 20. Rd1 Bxf1 21. Bxf1 Nb4 22. Bb5 Qf5 23. Nh4 Qf6 24. Bxb4 cxb4 25. Qxb4 Rfd8 26. Ng2 d5 27. Nf4 d4 28. Qc4 Qe5 29. Nd3 Qf5 30. Re1 Rbc8 31. Qa2 Rc7 32. Nf4 h5 33. Bd3 Qg5 34. Nxg6 Rc1 35. Rxc1 Qxc1+ 36. Kg2 Qc6+ 37. f3 Qe6 38. Qxe6 fxe6 39. a5 Rb8 40. a6 Rb2+ 41. Kh3 Kf7 42. Be4 Ra2 43. Bd3 Ra3 44. Nf4 Bh6 45. Bc4 Bxf4 46.
gxf4 Rxf3+ 47. Kg2 Rxf4 48. a7 Rg4+ 49. Kf3 Rg8 50.
Ke4 Ra8 51. Ke5 Rxa7 52. Bxe6+ Ke7 53. Bf5 Ra5+ 54. Kf4 Rxf5+ 55. Kxf5 d3 56. Kg5 d2 57. Kxh5 d1=Q+ 58. Kh4 Kf7 59. h3 Kg6 60. Kg3 Qd4 61.
Kh2 Kh5 62. Kh1 Qd2 63. Kg1 Kh4 64. Kf1 Kg3 65. h4 Qf2# 0-1

[Event "*** Titled Tuesday Blitz"]
[Site "Chess.com"]
[Date "2021.04.06"]
[Round "4"]
[White "chessbia"]
[Black "Niktlt"]
[Result "0-1"]
[WhiteElo "2329"]
[BlackElo "2585"]
[TimeControl "180+1"]
[EndTime "10:41:03 PDT"]
[Termination "Niktlt won on time"]

1. d4 Nf6 2. c4 g6 3. Nc3 Bg7 4.
e4 d6 5. Bd3 O-O 6. Nge2 e5 7.
d5 a5 8. O-O Na6 9. Bc2 Nc5 10.
b3 Ne8 11. a3 f5 12. exf5 gxf5 13. f4 e4 14. Be3 Nf6 15. Bd4 Qe8 16. Qd2 Qg6 17.
b4 Na6 18. Nb5 Bd7 19. Ba4 Rae8 20. h3 Bh6 21. Bxf6 Rxf6 22. Rac1 Rf7 23. c5 Rg7 24.
Ned4 axb4 25. axb4 Nxb4 26. cxd6 cxd6 27. Rc7 Nxd5 28.
Rxb7 Nxf4 29. Rxd7 Nxh3+ 30. Kh2 Bxd2 31. Rxg7+ Qxg7 32. gxh3 f4 33. Rg1 f3 34. Bb3+ Kh8 35. Rxg7 Kxg7 36. Nxd6 Bf4+ 37. Kg1 Bxd6 38. Nf5+ Kf6 39. Nxd6 Rb8 40. Nxe4+ Ke5 41. Nd2 Kf4 42. Kf2 h6 43.
Be6 Rb2 44. Ke1 f2+ 45. Kxf2 Rxd2+ 46. Kg1 Kg3 47. Kf1 Rf2+ 48. Ke1 h5 49. Bd7 h4 50.
Bc8 Rh2 51. Kf1 Rh1+ 52. Ke2 Ra1 53. Bg4 Ra2+ 54. Kf1 Kf4 55. Bd7 Rc2 56. Bg4 Kg3 57. Bd7 Rc4 58. Be6 Rf4+ 59. Kg1 Re4 0-1

[Event "*** Titled Tuesday Blitz"]
[Site "Chess.com"]
[Date "2021.04.06"]
[Round "4"]
[White "NishaOnYoutube"]
[Black "SF-96"]
[Result "0-1"]
[WhiteElo "2268"]
[BlackElo "2577"]
[TimeControl "180+1"]
[EndTime "10:41:04 PDT"]
[Termination "SF-96 won by checkmate"]

1. e4 e5 2. Nf3 Nc6 3. Nc3 Nf6 4.
Bb5 Bb4 5. O-O O-O 6. d3 d6 7. Ne2 Ne7 8. c3 Ba5 9. Ng3 Ng6 10. h3 h6 11. d4 c6 12. Bd3 Re8 13. Bc2 Bb6 14. Re1 Nh7 15. Nf5 exd4 16. N3xd4 Qf6 17. Be3 Ng5 18. f3 d5 19. Bf2 dxe4 20. fxe4 Nf4 21. Kh2 Qg6 22. Rg1 Nxe4 23. Bxe4 Rxe4 24. Nh4 Qf6 25.
Qf3 Re8 26. Rad1 Nd5 27. Rge1 Rxe1 28. Rxe1 Bd7 29. Bg3 Bxd4 30. cxd4 Qxd4 31. Rf1 Nf6 32. Re1 Re8 33. Rd1 Qe4 34. Qf2 Be6 35. Nf3 Qa4 36.
Re1 Bxa2 37. Be5 Nd7 38. Qg3 Nxe5 39. Nxe5 Be6 40. Qf3 Qd4 41. Re2 Bd5 42. Qg3 f6 43. Nf3 Bxf3 44. Rxe8+ Kf7 45. Qxf3 Kxe8 46. Qe2+ Qe5+ 47.
Qxe5+ fxe5 48. Kg3 Ke7 49. Kf3 Ke6 50. Ke4 b5 51. Ke3 a5 52. Ke4 a4 53. b3 axb3 54. g4 b2 55. Ke3 b1=Q 56. Ke2 Qb3 57. Kd2 Qxh3 58. Ke2 b4 59. Kf2 Qxg4 60. Ke1 Qg2 61. Kd1 b3 62. Kc1 Qc2# 0-1

[Event "*** Titled Tuesday Blitz"]
[Site "Chess.com"]
[Date "2021.04.06"]
[Round "4"]
[White "Ind1anStar"]
[Black "tapu2"]
[Result "1-0"]
[WhiteElo "2512"]
[BlackElo "2648"]
[TimeControl "180+1"]
[EndTime "10:41:07 PDT"]
[Termination "Ind1anStar won on time"]

1. c4 c5 2. Nc3 g6 3. Nf3 Bg7 4. g3 Nc6 5. Bg2 d6 6. O-O e5 7. d3 Nge7 8. Rb1 O-O 9. a3 a5 10. Ne1 Rb8 11. Nc2 f5 12. Ne3 Kh8 13. Bd2 f4 14.
Ned5 g5 15. b4 Nxd5 16. cxd5 Nd4 17. bxc5 dxc5 18. Ne4 Bg4 19. f3 Bf5 20. Re1 b6 21. e3 fxe3 22. Bxe3 Qxd5 23. Bxg5 Bxe4 24. Rxe4 Qa2 25.
Ra1 Qb2 26. a4 Nxf3+ 27. Bxf3 Rxf3 28. Qxf3 Qxa1+ 29. Kg2 Rf8 30. Qe2 Qc3 31. Rh4 Kg8 32.
Qe4 Qc2+ 33. Kh3 Rf2 34. Qd5+ Kf8 35. Qd8+ Kf7 36. Qe7+ Kg6 37. Qe6+ Kxg5 38. Rg4+ Kh5 39. Qe8+ Kh6 40. Rh4+ Kg5 41. Rg4+ Kf6 42. Qd8+ Kf7 43.
Qd7+ Kf8 44. Qxg7+ Ke8 45. Qxe5+ Kf8 46. Qd6+ Kf7 47.
Qd7+ Kf6 48. Qg7+ Ke6 49. Re4+ Kd5 50. Qg5+ 1-0

[Event "*** Titled Tuesday Blitz"]
[Site "Chess.com"]
[Date "2021.04.06"]
[Round "4"]
[White "MarkoPe"]
[Black "Vamostodorecto"]
[Result "1-0"]
[WhiteElo "2275"]
[BlackElo "2438"]
[TimeControl "180+1"]
[EndTime "10:41:08 PDT"]
[Termination "MarkoPe won by resignation"]

1. e4 e5 2. Nf3 d5 3. Nxe5 Bd6 4. d4 dxe4 5. Nc4 Nf6 6. Nxd6+ Qxd6 7.
Nc3 O-O 8. Bg5 Re8 9. Qd2 Bg4 10. h3 Bh5 11. g4 Bg6 12. O-O-O Nc6 13. Bg2 Rad8 14. d5 Ne5 15. Rhe1 Nc4 16. Qd4 Qb4 17. Nxe4 Bxe4 18. Bxe4 c5 19. Qc3 Qxc3 20. bxc3 Rxe4 21. Rxe4 Nxe4 22. Bxd8 Nxc3 23. Re1 Nxa2+ 24. Kb1 Nc3+ 25.
Ka1 h6 26. Re8+ Kh7 27. Re7 Nxd5 28. Rxf7 b5 29. f4 Kg6 30. Rxa7 Nxf4 31. Rc7 Ne6 32. Rc6 Kf7 33. Bb6 Ne5 34. Rd6 c4 35. Kb2 Ke7 36. Rd1 Nf4 37. Bc7 Neg6 38. Bxf4 Nxf4 39. Kc3 Nxh3 40.
Kb4 Nf2 41. Rd4 g6 42. Kxb5 h5 43. gxh5 gxh5 44. Kxc4 Ke6 45. Kb3 Ke5 46. Rh4 Ne4 47. Rxh5+ Kd4 48. Rh4 Ke3 49. Rxe4+ Kxe4 50. Kc4 Ke5 51. Kc5 Ke6 52. Kc6 Ke5 53. c4 Ke6 54. c5 Ke7 55. Kb7 Kd8 56. c6 Ke7 57. c7 Kd6 58. c8=Q 1-0

[Event "*** Titled Tuesday Blitz"]
[Site "Chess.com"]
[Date "2021.04.06"]
[Round "4"]
[White "ViditYT"]
[Black "Susal_De_Silva"]
[Result "1-0"]
[WhiteElo "2940"]
[BlackElo "2680"]
[TimeControl "180+1"]
[EndTime "10:41:10 PDT"]
[Termination "ViditYT won on time"]

1. d4 Nf6 2. c4 e6 3. Nf3 b6 4. g3 Bb7 5. Bg2 g6 6. O-O Bg7 7. Qc2 Be4 8. Qb3 Nc6 9. Rd1 O-O 10.
Nbd2 Na5 11. Qc3 c5 12. Nxe4 Nxe4 13. Qc2 d5 14. cxd5 exd5 15. dxc5 bxc5 16. Nd2 Nf6 17.
Qxc5 Rc8 18. Qxa7 Re8 19. e3 Nd7 20. Qa6 Nc5 21. Qb5 Ne6 22. Nb3 Nxb3 23. axb3 d4 24. Bd2 Rc2 25. Rab1 d3 26. Ba5 Qc8 27. Qxd3 Bxb2 28.
Rd2 Rc1+ 29. Rxc1 Qxc1+ 30. Rd1 Qc5 31. b4 Qh5 32. Qb3 Bf6 33. b5 Rb8 34. Bc6 Nd8 35.
Qc2 Nxc6 36. bxc6 Rc8 37. Be1 Rxc6 38. Qxc6 Qxd1 39. Qxf6 Qxe1+ 40. Kg2 Qe2 41. Qd8+ Kg7 42. Qd4+ Kg8 43. h4 Qa2 44. g4 Qa8+ 45. f3 Qe8 46. Kg3 Qe7 47. Qf4 Qe8 48. h5 gxh5 49. gxh5 Qc6 50.
Qg5+ Kf8 51. h6 Qd6+ 52. f4 Qe6 53. Qg7+ Ke7 54. Qe5 Qxe5 55. fxe5 Ke6 56. Kf4 Kd5 57. Kf5 1-0